 Dungeon Crawl Stone Soup version 0.26-a0-612-gd4d190f45e (webtiles) character file.

Game seed: 13796087286190514829

2949 Hastur the Slicer (level 10, -2/61 HPs)
             Began as a Kobold Gladiator on Sept 10, 2020.
             Killed by divine providence
             ... invoked by an orc priest
              (14 damage)
             ... on level 6 of the Dungeon.
             The game lasted 00:19:46 (8588 turns).

Hastur the Slicer (Kobold Gladiator)                Turns: 8588, Time: 00:19:46

Health: -2/61      AC: 10    Str: 14    XL:     10   Next: 7%
Magic:  10/10      EV: 19    Int: 10    God:
Gold:   429        SH:  0    Dex: 17    Spells: 9/9 levels left

rFire    . . .     SeeInvis .   b - +0 dagger (venom)
rCold    . . .     Faith    .   (shield restricted)
rNeg     . . .     Spirit   .   G - +0 acid dragon scales
rPois    .         Reflect  .   c - +1 helmet
rElec    .         Harm     .   (no cloak)
rCorr    +                      f - +0 pair of gloves
MR       .....                  v - +0 pair of boots
Stlth    +++++.....             (no amulet)
HPRegen  0.20/turn              (no ring)
MPRegen  0.12/turn              (no ring)

@: no status effects
A: small, nightstalker 3
a: no special abilities


You were on level 6 of the Dungeon.
You visited 2 branches of the dungeon, and saw 8 of its levels.
You also visited: Sewer.

You collected 429 gold pieces.

Inventory:

Hand Weapons
 a - a +0 rapier
 b - a +0 dagger of venom (weapon)
   (You took it off an orc wizard on level 6 of the Dungeon)
 s - the +5 falchion of the Lame Duck {antimagic, Dex+2, unknown}
   (You found it on level 7 of the Dungeon)

   It reduces the magical energy of the wielder, and disrupts the spells and
   magical abilities of those hit.
   Natural abilities and divine invocations are not affected.
   It affects your dexterity (+2).
Missiles
 d - a throwing net (quivered) {!f}
Armour
 c - a +1 helmet (worn)
 f - a +0 pair of gloves (worn)
   (You found it on level 1 of the Dungeon)
 v - a +0 pair of boots (worn)
   (You found it on level 5 of the Dungeon)
 C - a +0 leather armour
 G - +0 acid dragon scales (worn)
   (You took it off Maggie on level 7 of the Dungeon)
Jewellery
 p - a cursed -4 ring of strength {unknown}
   (You found it on level 2 of the Dungeon)
 y - an uncursed ring of flight {unknown}
   (You found it on level 6 of the Dungeon)
 H - an uncursed ring of ice {unknown}
   (You found it on level 7 of the Dungeon)
Wands
 t - a wand of flame (7)
   (You took it off a kobold on level 6 of the Dungeon)
 u - a wand of paralysis (3)
   (You took it off Pikel on level 6 of the Dungeon)
 D - a wand of random effects (9)
   (You found it on level 7 of the Dungeon)
Scrolls
 e - 2 scrolls of blinking
 g - a scroll of amnesia
 h - 3 scrolls of magic mapping
 j - a scroll of enchant armour
 l - 4 scrolls of identify {@r1}
 o - 2 scrolls of teleportation {unknown}
 r - 2 scrolls of immolation {unknown}
 x - a scroll of fear {unknown}
 B - a scroll of fog {unknown}
 F - a scroll of remove curse {unknown}
Potions
 i - a potion of heal wounds {@q2}
 k - 4 potions of mutation {!q}
 m - a potion of invisibility
 n - 2 potions of might
 q - 2 potions of curing {@q1}
 w - a potion of brilliance {unknown}
 z - 3 potions of lignification {unknown}
 A - a potion of flight {unknown}
 E - a potion of ambrosia {unknown}


   Skills:
 + Level 6.8 Fighting
 * Level 11.5 Short Blades
 - Level 2.1 Throwing
 + Level 8.0 Dodging
 + Level 8.3 Stealth


You had 9 spell levels left.
You didn't know any spells.
Your spell library contained the following spells:

 Spells                   Type           Power        Failure   Level
 Apportation              Tloc           #.....       50%         1
 Foxfire                  Conj/Fire      #...         50%         1
 Shock                    Conj/Air       #...         50%         1
 Swiftness                Air            #.......     63%         2
 Conjure Flame            Conj/Fire      #.......     86%         3
 Inner Flame              Hex/Fire       #.......     86%         3
 Lesser Beckoning         Tloc           #.........   86%         3
 Static Discharge         Conj/Air       #.......     86%         3
 Tukima's Dance           Hex            #.......     86%         3
 Airstrike                Air            #.........   99%         4
 Sticky Flame             Conj/Fire      #.......     99%         4
 Alistair's Intoxication  Tmut/Pois      #........    100%        5
 Fireball                 Conj/Fire      #.........   100%        5
 Lightning Bolt           Conj/Air       #.........   100%        5
 Invisibility             Hex            #.......     100%        6


Dungeon Overview and Level Annotations

Branches:
Dungeon (7/15)             Temple (1/1) D:6           Sewer (visited)

Altars:
Ashenzari
Cheibriados
Dithmenos
Fedhas
Gozag
Kikubaaqudgha
Makhleb
Nemelex Xobeh
Okawaru
Qazlal
Ru
Sif Muna
Vehumet
Wu Jian
Xom
Yredelemnul
The Shining One

Shops:
D:5 *[   D:7 :

Annotations:
D:4 2 transporters


Innate Abilities, Weirdness & Mutations

You are small and have problems with some larger weapons.
You are completely attuned to the shadows.


Message History

There is an open door here.
You set off the alarm!
A sentinel's mark forms upon you.
You hear a shout! x3; You hear an angry hiss.
You hear a shout! x4
You hear an angry hiss.
You hear a shout! x5
There is an escape hatch in the ceiling here.
Really go through this one-way escape hatch?
A mysterious force pulls you upwards. The hatch slams shut behind you.
You start waiting.
The sentinel's mark upon you fades away.
Done waiting.
There is a stone staircase leading down here.
You climb downwards.
There is a stone staircase leading up here.
There is an open door here.
An orc comes into view. It is wielding a +0 club.
An orc is nearby!
The orc shouts!
You hit the orc.
You hear a shout!
You hit the orc.
You kill the orc!
A troll comes into view.
An orc priest comes into view. It is wielding a +0 vampiric whip.
An orc priest comes into view. It is wielding a +0 mace.
An orc comes into view. It is wielding a +0 club.
An orc comes into view. It is wielding a +0 dagger.
The troll misses you. x2; The troll claws you but does no damage.
Things that are here:
a +0 club; an orc corpse The orc priest mumbles some strange prayers to Beogh against you.
Pain shoots through your body!
The orc priest mumbles some strange prayers to Beogh against you.
Beogh smites you!
The orc priest calls down the wrath of Beogh upon you.
Beogh smites you!
There is an escape hatch in the ceiling here.
Really go through this one-way escape hatch?
The troll bites you!
* * * LOW HITPOINT WARNING * * *
The troll closely misses you. The troll claws you!
* * * LOW HITPOINT WARNING * * *
A mysterious force pulls you upwards. The hatch slams shut behind you.
The orc priest calls down the wrath of Beogh upon you.
Pain shoots through your body!
* * * LOW HITPOINT WARNING * * *
The troll closely misses you. x2; The troll claws you but does no damage.
The orc priest invokes the aid of Beogh against you.
Beogh smites you!
You die...

#............##...###..> ####
##...........##.....#... ##..###
#..........#....##......
#.....####.........##.....##...##
##.....#.....#.o...###.#..#.....#
##........#####..###..#........#
#........## #T................
#.........####...>...#.........
###............@....#####.......
#....##...<.........###.........
##...##......#.)....##..........
#..........(...............(....
#...............................
##..............................
##..............##..............
#.).....#.......................
#......##.......................


You could see a troll and an orc priest.

Vanquished Creatures
  Pikel (D:6)
  Maggie (D:7)
  A hippogriff (D:7)
  A black bear (D:4)
  3 ogres
  A centaur (D:7)
  4 lemures
  Blork the orc (D:6)
  6 bullfrogs
  3 scorpions
  A wight (D:4)
  A bullfrog zombie (D:6)
  A jelly (D:7)
  A bullfrog skeleton (D:5)
  4 hounds
  An orc priest (D:6)
  7 orc wizards
  6 worker ants
  3 gnolls (D:6)
  13 adders
  A shadow imp (D:5)
  4 white imps
  13 oozes
  A dart slug (D:1)
  17 leopard geckos
  14 orcs
  10 ball pythons
  7 bats
  13 giant cockroaches
  10 goblins
  8 hobgoblins
  4 jackals
  11 kobolds
  2 quokkas
  13 frilled lizards
  A leopard gecko skeleton (D:5)
  7 rats
196 creatures vanquished.

Vanquished Creatures (others)
  A plant (D:2)
1 creature vanquished.

Grand Total: 197 creatures vanquished

Notes
Turn   | Place    | Note
-------+----------+-------------------------------------------
     0 | D:1      | Hastur the Kobold Gladiator began the quest for the Orb.
     0 | D:1      | Reached XP level 1. HP: 12/12 MP: 1/1
   151 | D:1      | Reached XP level 2. HP: 18/18 MP: 2/2
   181 | D:1      | Reached skill level 1 in Stealth
   353 | D:1      | Reached XP level 3. HP: 20/22 MP: 3/3
   847 | D:2      | Reached XP level 4. HP: 25/27 MP: 4/4
   918 | D:2      | Reached skill level 5 in Short Blades
  1571 | D:2      | Found a blossoming altar of Fedhas.
  1846 | D:3      | Found a burning altar of Makhleb.
  1850 | D:3      | Reached XP level 5. HP: 32/32 MP: 5/5
  2968 | D:4      | Reached skill level 6 in Short Blades
  2980 | D:4      | Found a glowing drain.
  2986 | Sewer    | Entered a sewer
  2989 | Sewer    | Reached XP level 6. HP: 31/37 MP: 6/6
  3563 | Sewer    | Reached skill level 5 in Dodging
  3563 | Sewer    | Reached XP level 7. HP: 42/42 MP: 7/7
  3579 | Sewer    | Reached skill level 7 in Short Blades
  4342 | D:4      | You fall into a shaft and drop 2 floors!
  4342 | D:6      | Found a radiant altar of Vehumet.
  4354 | D:6      | Noticed Pikel
  4359 | D:6      | Paralysed by Pikel for 7 turns
  4365 | D:6      | HP: 1/43 [lemure[Pikel] (5)]
  4681 | D:7      | Got an ancient falchion
  4789 | D:7      | Reached skill level 5 in Stealth
  4789 | D:7      | Reached XP level 8. HP: 48/48 MP: 8/8
  4822 | D:7      | Reached skill level 8 in Short Blades
  4851 | D:7      | Noticed Maggie
  5016 | D:7      | Found Uppedeem's Book Shoppe.
  5143 | D:6      | Found a staircase to the Ecumenical Temple.
  5149 | Temple   | Entered the Ecumenical Temple
  5409 | D:5      | Entered Level 5 of the Dungeon
  5441 | D:4      | Found a transporter.
  5463 | D:4      | Found a shadowy altar of Dithmenos.
  5465 | D:4      | Noticed a two-headed ogre
  5473 | D:4      | Found a transporter.
  5682 | D:4      | Reached skill level 5 in Fighting
  5768 | D:4      | Reached skill level 9 in Short Blades
  6105 | D:5      | Found Huonot's Antique Armour Shop.
  6116 | D:5      | Found an opulent altar of Gozag.
  6123 | D:5      | Found Gozag's Platinum Reserve.
  6207 | D:5      | Reached XP level 9. HP: 49/54 MP: 9/9
  6872 | D:6      | Reached skill level 10 in Short Blades
  7138 | D:6      | Noticed Blork the orc
  7715 | D:6      | Killed Blork the orc
  7806 | D:6      | Paralysed by Pikel for 7 turns
  7808 | D:6      | Killed Pikel
  8145 | D:7      | Killed Maggie
  8145 | D:7      | Reached skill level 11 in Short Blades
  8355 | D:7      | Reached XP level 10. HP: 59/61 MP: 10/10
  8588 | D:6      | Killed from afar by an orc priest

Illustrated notes

Levels and vault maps discovered:
D:1:      dpeg_arrival_line_fractal, layout_rooms, minmay_octomino_e4
D:2:      layout_loops_ring, fedhas_ov_isle_minmay
D:3:      layout_basic, makhleb_heckhound_becter
D:4:      layout_loops_ring, gammafunk_temple_overflow_arena,
          portal_sewer_entry_f, minmay_divided_ellipse
D:5:      layout_basic, nicolae_gozag_zags_fifth_avenue, serial_shops, shop
D:6:      layout_cave_pools, vehumet_altar_wand_db, minmay_temple_entry_tees,
          uniq_pikel, uniq_blork_the_orc
D:7:      layout_basic, serial_shops, shop, minmay_three_doors, uniq_maggie
Temple:   minmay_temple_bridge_abc

Skill      XL: |  1  2  3  4  5  6  7  8  9 10 |
---------------+-------------------------------+-----
Stealth        | 1 2 3 4 5 6 8 |  8.3
Dodging        | 4 5 6 7 8 |  8.0
Short Blades   | 5 6 7 9 11 | 11.5
Fighting       | 3 4 5 6 |  6.8
Throwing       | |  2.1

Action                   |  1- 3 |  4- 6 |  7- 9 | 10-12 || total
-------------------------+-------+-------+-------+-------++-------
Melee: Rapier            |    85 |   280 |   343 |       ||   708
       Dagger            |       |       |    26 |     3 ||    29
Throw: Throwing net      |       |     1 |     3 |       ||     4
Evoke: Wand              |       |       |    12 |       ||    12
  Use: Scroll            |       |     8 |     3 |       ||    11
       Potion            |       |       |     3 |       ||     3
 Stab: Sleeping          |     5 |    23 |    25 |     1 ||    54
       Distracted        |     1 |       |       |       ||     1
       Held in net/web   |       |       |     2 |       ||     2
Armor: Leather armour    |    16 |    57 |    60 |       ||   133
       Acid dragon scale |       |       |       |     2 ||     2
Dodge: Dodged            |    69 |   210 |   236 |     5 ||   520

Table legend: (Time is in decaauts)
 A = Elapsed time spent in this place.
 B = Non-inter-level travel time spent in this place.
 C = Inter-level travel time spent in this place.
 D = Time resting spent in this place.
 E = Time spent auto-exploring this place.
 F = Levels seen in this place.
 G = Mean time per level.
                   A        B        C        D        E       F      G
               +--------+--------+--------+--------+--------+-----+--------+
         Total |   8519 |   8379 |    140 |   2254 |   4305 |   9 |  946.6 |
       Dungeon |   7266 |   7159 |    107 |   1815 |   3854 |   7 | 1038.0 |
        Temple |    557 |    524 |     33 |    294 |    194 |   1 |  557.0 |
         Sewer |    696 |    696 |      0 |    145 |    257 |   1 |  696.0 |
               +--------+--------+--------+--------+--------+-----+--------+

Top non-repeatable levels by time:
     D:4: 1342 daAuts
     D:3: 1325 daAuts
     D:6: 1098 daAuts
     D:7: 1015 daAuts
     D:2: 892 daAuts
     D:5: 890 daAuts
     D:1: 702 daAuts
   Sewer: 696 daAuts
  Temple: 557 daAuts
